Map: Ruins of Endion

Players

Pokebunny - Winner!

  • Race: Terran Terran
  • League: Grandmaster

RoO

  • Race: Terran Terran
  • League: Grandmaster

VOD

Have the link to the VOD?

Description

Time

  • Played on: April 6, 2016, 3:31 p.m.
  • Length: 10:35
Show
View Real Time Build Order
Export as new Build Order

Pokebunny Terran - Winner!

Build Orders: Reaper Expand, MMM Bio 

Get SALT Encoding   

  12  0:00  SCV  
  13  0:12  SCV  
  14  0:17  Supply Depot  
  14  0:25  SCV  
  15  0:39  SCV  
  15  0:41  Barracks  
  16  0:44  Refinery  
  16  0:54  SCV  
  17  1:06  SCV  
  18  1:19  SCV  
  19  1:30  Reaper  
  19  1:31  Orbital Command  
  20  1:41  Command Center  
  20  1:56  Supply Depot, SCV  
  21  2:02  Marine  
  22  2:08  SCV  
  22  2:10  Factory  
  23  2:16  Refinery  
  23  2:20  Marine, SCV  
  25  2:41  Marine  
  25  2:42  SCV  
  27  2:55  Orbital Command  
  27  2:57  SCV  
  27  2:58  Hellion, Marine  
  30  3:00  Starport  
  30  3:09  SCV  
  31  3:17  Barracks Tech Lab  
  31  3:19  Widow Mine  
  31  3:20  Barracks  
  31  3:21  SCV  
  31  3:22  SCV  
  35  3:31  Barracks  
  35  3:35  SCV x2  
  35  3:36  Marine, Stimpack  
  35  3:40  Medivac  
  40  3:47  SCV x2  
  42  3:50  Factory Tech Lab  
  42  3:52  Supply Depot  
  42  3:54  Marine  
  43  3:59  SCV x2  
  45  4:09  Barracks Reactor  
  45  4:11  SCV  
  45  4:13  Siege Tank  
  45  4:16  SCV  
  50  4:19  Barracks Reactor  
  50  4:22  Marine  
  49  4:46  Marine x3  
  49  4:48  SCV x2  
  54  4:54  Command Center  
  54  5:17  Refinery  
  54  5:18  Supply Depot  
  54  5:19  Supply Depot  
  54  5:20  Starport Reactor  
  54  5:28  Supply Depot  
  54  5:39  Marine x5, SCV x2  
  54  5:41  Siege Tank  
  64  5:47  Combat Shields  
  64  6:05  Marine  
  64  6:06  Marine x4  
  64  6:07  SCV  
  64  6:08  Medivac x2  
  67  6:20  Siege Tank  
  67  6:21  Orbital Command, SCV x2  
  67  6:23  Marine  
  65  6:28  Barracks, Engineering Bay  
  65  6:29  Engineering Bay  
  65  6:30  Barracks, Refinery  
  65  6:31  Marine x4  
  69  6:33  SCV x2  
  71  6:41  Marine  
  71  6:45  SCV x2  
  74  6:48  Marine  
  74  6:49  Marine x3  
  74  6:51  SCV  
  74  6:54  Siege Tank  
  82  6:56  Medivac  
  82  7:01  Marine  
  86  7:03  Supply Depot  
  86  7:04  Terran Infantry Weapons Level 1  
  86  7:07  Terran Infantry Armor Level 1, SCV x3  
  88  7:09  Marine x3  
  88  7:15  Medivac  
  93  7:20  Barracks Reactor  
  93  7:21  Barracks Reactor  
  93  7:23  SCV x2  
  95  7:32  Orbital Command  
  95  7:38  Marine x5  
  100  7:49  Siege Tank  
  103  7:52  SCV x2  
  105  7:59  Marine, Supply Depot  
  105  8:00  Armory, Marine x3  
  105  8:05  Supply Depot  
  109  8:06  Supply Depot  
  109  8:21  Marine x6  
  112  8:37  Marine x3  
  115  8:41  Marine  
  115  8:42  Siege Tank, Marine x2  
  115  8:43  Medivac x2  
  115  8:46  Marine x3  
  115  8:47  Supply Depot x2  
  128  8:55  Marine x3  
  129  8:59  Marine  
  129  9:00  Marine x2  
  133  9:04  Marine  
  133  9:06  Marine x2  
  131  9:11  SCV x3  
  131  9:13  Marine x3, Medivac x2  
  140  9:17  Marine  
  141  9:26  Marine x3  
  141  9:27  Siege Tank  
  141  9:29  Marine x2  
  146  9:32  Marine x2  
  142  9:49  Marine x4  
  142  9:50  Marine  
  146  9:58  Marine x2  
  146  9:59  Marine  
  149  10:03  Supply Depot  
  149  10:04  Factory  
  149  10:05  Supply Depot, Medivac x2  
Show
View Real Time Build Order
Export as new Build Order

RoO Terran 

Build Orders: Reaper Expand, MMM Bio 

Get SALT Encoding   

  12  0:00  SCV  
  13  0:12  SCV  
  14  0:18  Supply Depot  
  14  0:24  SCV  
  15  0:39  SCV  
  15  0:41  Barracks  
  16  0:46  Refinery  
  16  0:52  SCV  
  17  1:04  SCV  
  18  1:16  SCV  
  19  1:29  Orbital Command  
  19  1:30  Reaper  
  20  1:50  Command Center  
  20  1:55  SCV  
  21  2:02  Marine  
  21  2:07  Supply Depot  
  21  2:08  SCV  
  23  2:18  Factory  
  23  2:28  Marine, SCV  
  24  2:44  SCV  
  24  2:46  Barracks Reactor  
  25  2:56  SCV  
  25  3:06  Refinery, Starport  
  25  3:10  SCV  
  25  3:12  Widow Mine  
  26  3:17  Orbital Command  
  28  3:22  SCV  
  28  3:24  Marine x2  
  32  3:34  SCV  
  32  3:42  Marine x2  
  32  3:43  SCV  
  32  3:45  Medivac  
  32  3:46  Factory Tech Lab, SCV  
  38  3:55  SCV  
  39  3:58  SCV  
  39  3:59  Marine x2, Supply Depot  
  42  4:07  SCV  
  43  4:13  Cyclone  
  46  4:21  Marine x2, SCV  
  46  4:22  Supply Depot  
  46  4:23  Command Center  
  49  4:24  SCV  
  49  4:28  Viking  
  52  4:33  SCV  
  52  4:36  SCV  
  50  4:46  SCV  
  50  4:48  Marine x2  
  50  4:49  Siege Tank  
  50  4:50  SCV  
  57  4:58  SCV  
  58  5:02  SCV  
  59  5:10  SCV  
  54  5:14  Barracks, SCV  
  54  5:18  Barracks  
  55  5:21  Refinery x2  
  55  5:22  SCV  
  55  5:25  Siege Tank  
  55  5:27  SCV  
  61  5:29  Barracks Tech Lab  
  60  5:37  Viking, Orbital Command  
  60  5:38  SCV  
  60  5:39  SCV  
  64  5:44  Viking  
  64  5:45  Engineering Bay  
  64  5:46  Engineering Bay  
  66  5:50  SCV  
  66  5:51  SCV  
  66  5:54  Marine, Stimpack  
  69  6:03  SCV  
  64  6:07  Marine x2  
  64  6:10  Medivac  
  68  6:12  Marine  
  61  6:20  SCV x2  
  61  6:22  SCV  
  63  6:27  Barracks Tech Lab  
  63  6:28  Barracks Reactor  
  63  6:30  Marine  
  63  6:32  SCV x2  
  66  6:34  Barracks  
  66  6:36  Barracks  
  67  6:42  Terran Infantry Armor Level 1, Terran Infantry Weapons Level 1  
  67  6:44  SCV  
  67  6:47  Orbital Command, Marine  
  67  6:48  Marine  
  67  6:49  SCV  
  67  6:52  Supply Depot x2  
  67  6:53  Combat Shields  
  70  7:03  SCV x2  
  70  7:05  Siege Tank, Marine x2  
  77  7:13  Marine x2  
  77  7:15  SCV  
  80  7:19  SCV  
  80  7:22  Supply Depot  
  81  7:23  Supply Depot, Marine, SCV  
  81  7:24  Marine  
  81  7:27  Barracks Reactor  
  84  7:31  Marine x2  
  86  7:37  SCV x2  
  86  7:38  SCV  
  86  7:39  Barracks Reactor  
  86  7:40  Refinery  
  86  7:41  Refinery, Marine  
  86  7:44  Armory, Marine, Missile Turret  
  90  7:45  Missile Turret  
  90  7:46  Siege Tank  
  90  7:47  Medivac  
  90  7:49  Marine x2, SCV  
  99  7:51  Medivac  
  99  7:53  SCV x2  
  103  7:58  Marine  
  103  8:01  SCV  
  103  8:02  Armory  
  103  8:04  Supply Depot x2  
  103  8:05  SCV x2  
  107  8:09  Marine  
  108  8:13  SCV  
  109  8:20  Sensor Tower  
  109  8:22  SCV  
  109  8:25  Medivac, SCV x2  
  113  8:28  Marine x2  
  112  8:34  SCV  
  112  8:38  SCV  
  112  8:40  Marine x3  
  117  8:43  Marine x2  
  117  8:44  Marine  
  117  8:45  Siege Tank  
  117  8:46  Marine x2  
  125  8:52  Supply Depot x2  
  125  8:56  Supply Depot  
  125  9:05  Marine  
  125  9:07  Marine, Medivac  
  125  9:09  Marine  
  125  9:10  Marine  
  125  9:12  Marine  
  125  9:13  Marine x3, Medivac  
  130  9:17  Siege Tank  
  130  9:23  Marine  
  131  9:24  Marine  
  131  9:25  SCV x2  
  131  9:27  Marine, SCV  
  131  9:28  Marine  
  131  9:29  Missile Turret  
  137  9:31  Missile Turret  
  137  9:36  Factory  
  137  9:37  SCV x2  
  138  9:38  Factory  
  128  9:49  Siege Tank, Marine  
  128  9:50  Marine x3  
  128  9:51  SCV x2  
  128  9:52  SCV  
  135  9:53  Marine x3  
  135  9:54  Marine  
  135  9:55  Medivac  
  135  9:56  Medivac  
  143  10:03  SCV  
  144  10:07  Marine  
Tags
 
Add a new tag
Caveats
  • Supply blocks, unpowered buildings, or Contaminate may cause inaccurate times.
  • Supply counts are checked every 10 seconds.